 Dungeon Crawl Stone Soup version 0.31-a0-152-g6aa68a64a1 (webtiles) character file.

Game seed: 6613923732802949917

73598 qw the Severer (level 15, -14/98 HPs)
             Began as a Gargoyle Fighter on June 10, 2023.
             Was an Elder of Okawaru.
             Killed from afar by a wretched star (22 damage)
             ... with a lance of force
             ... on level 3 of the Abyss.
             The game lasted 00:11:32 (22796 turns).

qw the Severer (Gargoyle Fighter)                  Turns: 22796, Time: 00:11:33

Health: -14/98     AC: 37    Str: 24 (25) XL:     15   Next: 43%
Magic:  21/22      EV:  9    Int: 11      God:    Okawaru [****..]
Gold:   467        SH: 12    Dex:  9      Spells: 14/14 levels left

rFire   + . .        D - +1 broad axe
rCold   + . .        c - +0 buckler
rNeg    + . .        b - +5 plate armour
rPois   inf          (no helmet)
rElec   +            q - scarf {rC+ rF+}
rCorr   .            l - +2 pair of gloves
SInv    .            (no boots)
Will    ++...        E - amulet of reflection Stlth
                     s - ring of willpower
HPRegen 0.36/turn    r - +4 ring of slaying {mikee}
MPRegen 0.18/turn

%: reflection
@: heroic, flying
A: sickness immunity, AC +11, big wings, negative energy resistance 1,
electricity resistance, torment resistance 1, petrification resistance,
[deterioration 2], ([teleportitis 2])
a: Renounce Religion, Heroism, Finesse


You were on level 3 of the Abyss.
You worshipped Okawaru.
Okawaru was greatly pleased with you.
You visited 3 branches of the dungeon, and saw 20 of its levels.
You visited the Abyss 1 time.

You collected 1575 gold pieces.
You spent 1108 gold pieces at shops.


Innate Abilities, Weirdness & Mutations

You are immune to sickness and miasma.
Your stone body is resilient. (AC +11)
You are immune to poison.
Your large and strong wings let you fly.
You resist negative energy. (rN+)
You are resistant to electric shocks. (rElec)
You are resistant to unholy torment.
You are immune to petrification.
[Your body often deteriorates upon taking damage.]
[((You are often teleported next to monsters.))]


   Skills:
 - Level 13.0(18.0) Fighting
 + Level 17.3(22.3) Axes
 - Level 4.0(9.0) Throwing
 - Level 11.0(16.0) Armour
 - Level 3.0(8.0) Dodging
 - Level 8.2(13.2) Shields
 - Level 10.0 Invocations


You had 14 spell levels left.
You didn't know any spells.
Your spell library was empty.

Inventory:

Hand Weapons
 x - a +1 demon whip of venom
 D - a +1 broad axe (weapon)
Missiles
 n - 23 boomerangs (quivered)
 B - a boomerang of dispersal
Armour
 b - a +5 plate armour (worn)
 c - a +0 buckler (worn)
 l - a +2 pair of gloves (worn)
 q - a scarf of resistance (worn)
 v - a +0 cloak
 y - +0 acid dragon scales
Jewellery
 f - a ring of protection from cold
 j - a ring of ice
 p - a ring of fire
 r - a +4 ring of slaying (right hand) {mikee}
 s - a ring of willpower (left hand)
 w - the ring of Atzef {Fire rElec rCorr Stlth-}
   (You found it on level 6 of the Dungeon)

   [ring of fire]

   It enhances your fire magic.
   rF:        It protects you from fire.
   rC:        It makes you vulnerable to cold.
   rElec:     It insulates you from electricity.
   rCorr:     It protects you from acid and corrosion.
   Stlth:     It makes you less stealthy.
 E - an amulet of reflection (around neck)
Wands
 g - a wand of digging (4)
Scrolls
 i - 12 scrolls of identify
Potions
 a - 3 potions of haste
 d - 5 potions of might
 e - a potion of resistance
 h - 4 potions of lignification
 m - 3 potions of cancellation
 o - 5 potions of attraction
 t - 13 potions of curing
 A - 2 potions of magic

Dungeon Overview and Level Annotations

Branches:
Dungeon (14/15)            Temple (1/1) D:6            Lair (5/5) D:8
  Swamp (0/4) Lair:2        Snake (0/4) Lair:2        Slime (0/5) Lair:4
    Orc (0/2) D:11
 Vaults: D:13-14

Altars:
Ashenzari
Cheibriados
Dithmenos
Elyvilon
Fedhas
Gozag
Hepliaklqana
Kikubaaqudgha
Makhleb
Nemelex Xobeh
Okawaru
Qazlal
Ru
Sif Muna
Trog
Uskayaw
Vehumet
Wu Jian
Xom
Yredelemnul
Zin
The Shining One
Ignis

Shops:
D:5 :   D:9 ?!(*=   D:12 *

Portals:
Trove: D:10 (give 5 potions of resistance)

Annotations:
D:6 1 runed translucent door, Crazy Yiuf
D:12 1 transporter
Lair:5 2 runed translucent doors


Message History

You hit the wretched star but do no damage.
You slice the small abomination!!
You destroy the small abomination!
Okawaru accepts your kill.
You slice the purple very ugly thing!!
The purple very ugly thing tail-slaps you!
The will-o-the-wisp gestures.
The will-o-the-wisp conjures some foxfire!
The black draconian hits you from afar with a +0 halberd.
The wretched star glows turbulently.
The lance of force hits you!!
Your body deteriorates!
You feel weakened.
You are knocked back by the lance of force.
You collide with the purple ugly thing!
The purple ugly thing is moderately wounded.
A foxfire comes into view.
You slice the green very ugly thing!!
You kill the green very ugly thing!
Okawaru accepts your kill.
You hit the wretched star. You hit the purple very ugly thing.
You barely miss the purple ugly thing. You slash the purple very ugly thing!
The purple ugly thing trunk-slaps you but does no damage.
The purple very ugly thing tail-slaps you!
You block the purple very ugly thing's attack.
You slice the purple very ugly thing!!
The purple very ugly thing is severely wounded.
You hit the wretched star. You hit the purple very ugly thing.
You slash the purple ugly thing! The black draconian barely misses you.
The purple ugly thing barely misses you.
You hit the purple very ugly thing.
The purple very ugly thing is severely wounded.
You hit the purple very ugly thing. You closely miss the purple ugly thing.
You barely miss the wretched star.
The purple very ugly thing tail-slaps you but does no damage.
The purple very ugly thing basks in the mutagenic energy from its kin and changes!
The black draconian barely misses you.
The wretched star glows turbulently.
The lance of force hits you!!
You die...

# ### . # ....
..##..# #....#
....### #..#.###
#.####..#.#.#.#...
ยค...vd..u...... .
. #*@u.#.....#. .
##.u## ... # ##..#
.. # .... .....
............
............
.#....#..... .
####.##


You could see 2 very ugly things, a black draconian, a wretched star and a
purple ugly thing.

Vanquished Creatures
  A deep elf sorcerer (Abyss:3)
  A quicksilver ooze (Lair:4)
  A juggernaut skeleton (Abyss:3)
  2 very ugly things (Abyss:3)
  Snorg (Lair:4)
  Josephine (Lair:4)
  A green death (Abyss:3)
  A great orb of eyes (Abyss:3)
  6 two-headed ogres
  4 catoblepae
  6 hydras
  Erica (Lair:2)
  A boulder beetle (D:11)
  2 centaur warriors
  A tengu warrior (D:13)
  2 thrashing horrors (Abyss:3)
  3 skysharks
  Lodul (D:10)
  Amaemon (D:10)
  A sixfirhy (Abyss:3)
  A bog body (Lair:2)
  An iron giant skeleton (Abyss:3)
  A necromancer (D:14)
  3 ugly things (D:14)
  A lindwurm (Lair:5)
  3 manticores
  3 deep elf pyromancers
  2 cyclopes (D:14)
  5 large abominations (Abyss:3)
  A torpor snail (Lair:5)
  2 molten gargoyles (Lair:5)
  9 black mambas
  A rust devil (D:7)
  An orange demon (D:10)
  A gargoyle (D:9)
  18 cane toads
  3 unseen horrors
  10 komodo dragons
  Psyche (D:8)
  5 rime drakes
  A tengu conjurer (D:13)
  2 ancient zymes (Abyss:3)
  3 meliai (D:14)
  A polar bear (Lair:2)
  5 trolls
  4 hornets
  Prince Ribbit (D:7)
  10 blink frogs
  7 dream sheep (Lair:5)
  A vampire (D:11)
  3 slime creatures (Lair:4)
  45 yaks
  A ynoxinul (Abyss:3)
  10 humans (D:14)
  4 wraiths
  4 wyverns
  2 shadows
  4 steam dragons
  A basilisk (Lair:5)
  2 chaos spawn (Abyss:3)
  A warg (D:11)
  3 nagas (Lair:2)
  Menkaure (D:6)
  2 acid dragons
  13 water moccasins
  3 hell hounds (Lair:5)
  An ice beast (D:7)
  A black bear (D:6)
  7 ogres (D:10)
  16 orc warriors
  11 wolves (Lair:1)
  4 centaurs
  A phantom (D:7)
  5 kobold brigands
  12 bullfrogs
  A small abomination (Abyss:3)
  A gnoll sergeant (D:11)
  2 scorpions
  8 wights
  15 killer bees
  6 howler monkeys
  5 lava snakes (Lair:5)
  7 jellies
  A quasit (Abyss:3)
  2 gnoll boudas
  15 orc priests
  5 hounds
  Ijyb (D:3)
  2 iguanas
  2 sleepcaps
  14 orc wizards
  12 gnolls
  11 adders
  An ufetubus (D:4)
  4 worms
  2 dart slugs
  75 orcs
  5 bats
  4 endoplasms
  2 giant cockroaches
  8 goblins
  5 hobgoblins
  3 jackals (D:2)
  3 quokkas
  6 ball pythons
  A frilled lizard (D:2)
  12 kobolds
  4 rats
547 creatures vanquished.

Vanquished Creatures (others)
  A small abomination (Abyss:3)
  A hornet simulacrum (D:14)
  A foxfire (Abyss:3)
3 creatures vanquished.

Grand Total: 550 creatures vanquished

Notes
Turn   | Place    | Note
-------+----------+-------------------------------------------
     0 | D:1      | qw the Gargoyle Fighter began the quest for the Orb.
     0 | D:1      | Reached XP level 1. HP: 14/14 MP: 1/1
     0 | D:1      | 0 ||| qw: Version: 0.2-a-29-g0080da8
     0 | D:1      | 0 ||| qw: Game counter: 3853
     0 | D:1      | 0 ||| qw: Always use a shield: true
     0 | D:1      | 0 ||| qw: God list: Okawaru
     0 | D:1      | 0 ||| qw: Allow faded altars: false
     0 | D:1      | 0 ||| qw: Do Orc after D:15 true
     0 | D:1      | 0 ||| qw: Do second Lair branch before Depths: true
     0 | D:1      | 0 ||| qw: Lair rune preference: random
     0 | D:1      | 0 ||| qw: Plans: Normal, Zot:1-4, Slime:5, God:TSO, Crypt,
                  | Tomb, Abyss, Pan, Hells, Win
     0 | D:1      | 0 ||| PLANNING D:1-11
    19 | D:1      | Reached skill level 2 in Axes
   128 | D:1      | Reached XP level 2. HP: 19/19 MP: 2/2
   132 | D:1      | 132 ||| Stepping ~*~*~tactically~*~*~ (hiding).
   526 | D:1      | 526 ||| READING scroll labelled SIENA ROLER.
   527 | D:1      | 527 ||| READING scroll labelled UDGHUWN GAACKI.
   631 | D:2      | Reached skill level 3 in Axes
   688 | D:2      | Reached XP level 3. HP: 15/23 MP: 3/3
   850 | D:2      | 850 ||| Stepping ~*~*~tactically~*~*~ (stealth).
   888 | D:2      | 888 ||| DROPPING +0 club.
   892 | D:2      | 892 ||| Stepping ~*~*~tactically~*~*~ (stealth).
   905 | D:2      | 905 ||| FLEEEEING.
   906 | D:2      | 906 ||| FLEEEEING.
   958 | D:2      | Found a faded altar of an unknown god.
  1147 | D:2      | Reached XP level 4. HP: 28/28 MP: 4/4
  1170 | D:2      | Found a sparkling altar of Nemelex Xobeh.
  1369 | D:2      | 1369 ||| READING scroll labelled JEACO KOIPSUO.
  1370 | D:2      | 1370 ||| READING 2 scrolls of identify.
  1370 | D:2      | 1370 ||| IDENTIFYING fuming clear potion
  1393 | D:3      | 1393 ||| STAIRDANCE
  1401 | D:2      | Reached skill level 4 in Axes
  1409 | D:3      | 1409 ||| STAIRDANCE
  1512 | D:3      | 1512 ||| DROPPING +0 whip.
  1514 | D:3      | 1514 ||| Stepping ~*~*~tactically~*~*~ (stealth).
  1515 | D:3      | 1515 ||| Stepping ~*~*~tactically~*~*~ (stealth).
  1547 | D:3      | Noticed Ijyb
  1548 | D:3      | 1548 ||| Stepping ~*~*~tactically~*~*~ (hiding).
  1550 | D:3      | 1550 ||| Stepping ~*~*~tactically~*~*~ (hiding).
  1562 | D:3      | Killed Ijyb
  1563 | D:3      | Reached XP level 5. HP: 12/32 MP: 0/5
  1803 | D:3      | Reached skill level 5 in Axes
  1871 | D:3      | Reached XP level 6. HP: 21/38 MP: 6/6
  2085 | D:3      | 2085 ||| UPGRADING to +0 chain mail.
  2095 | D:3      | 2095 ||| DROPPING +0 scale mail.
  2096 | D:3      | 2096 ||| READING 2 scrolls labelled GENIUK VUOLORY.
  2097 | D:3      | 2097 ||| READING scroll labelled ITZITR EROOLEB.
  2098 | D:3      | 2098 ||| READING 2 scrolls labelled JEDGHOPRAIS.
  2099 | D:3      | 2099 ||| DROPPING scroll of vulnerability.
  2321 | D:4      | 2321 ||| Stepping ~*~*~tactically~*~*~ (stealth).
  2323 | D:4      | 2323 ||| Stepping ~*~*~tactically~*~*~ (stealth).
  2329 | D:4      | 2329 ||| Stepping ~*~*~tactically~*~*~ (hiding).
  2754 | D:4      | 2754 ||| Stepping ~*~*~tactically~*~*~ (stealth).
  2885 | D:4      | Found a burning altar of Makhleb.
  2885 | D:4      | Found a sparkling altar of Nemelex Xobeh.
  3208 | D:4      | 3208 ||| UPGRADING to +0 plate armour.
  3218 | D:4      | 3218 ||| DROPPING +0 chain mail.
  3219 | D:4      | 3219 ||| READING scroll of enchant armour.
  3219 | D:4      | 3219 ||| ENCHANTING +0 plate armour.
  3220 | D:4      | 3220 ||| UPGRADING to amulet of guardian spirit.
  3225 | D:4      | 3225 ||| UPGRADING to ring of willpower.
  3226 | D:4      | 3226 ||| READING scroll labelled YMU DOMAFENTU.
  3227 | D:4      | 3227 ||| READING scroll labelled AJEG QUEHO.
  3228 | D:4      | 3228 ||| READING 2 scrolls of identify.
  3228 | D:4      | 3228 ||| IDENTIFYING glowing cyan potion
  3254 | D:5      | Entered Level 5 of the Dungeon
  3301 | D:5      | Found an opulent altar of Gozag.
  3388 | D:5      | Reached skill level 6 in Axes
  3407 | D:5      | Reached XP level 7. HP: 43/43 MP: 7/7
  3409 | D:5      | Found Ugurghut's Book Emporium.
  3738 | D:5      | Found a broken altar of Ashenzari.
  4026 | D:5      | 4026 ||| READING scroll labelled KUOLIR ELUA.
  4027 | D:5      | 4027 ||| DRINKING 2 glowing red potions.
  4028 | D:5      | 4028 ||| READING 3 scrolls of identify.
  4028 | D:5      | 4028 ||| IDENTIFYING sedimented brown potion
  4029 | D:5      | 4029 ||| READING 2 scrolls of identify.
  4029 | D:5      | 4029 ||| IDENTIFYING sapphire potion
  4051 | D:6      | Found a radiant altar of Vehumet.
  4051 | D:6      | Found a glowing silver altar of Zin.
  4053 | D:6      | Found a white marble altar of Elyvilon.
  4079 | D:6      | 4079 ||| DRINKING 2 potions of curing.
  4079 | D:6      | 4079 ||| (to cure confusion)
  4090 | D:6      | 4090 ||| Stepping ~*~*~tactically~*~*~ (stealth).
  4091 | D:6      | 4091 ||| Stepping ~*~*~tactically~*~*~ (stealth).
  4092 | D:6      | 4092 ||| Stepping ~*~*~tactically~*~*~ (stealth).
  4093 | D:6      | 4093 ||| Stepping ~*~*~tactically~*~*~ (stealth).
  4141 | D:6      | Found a runed translucent door.
  4142 | D:6      | Noticed Crazy Yiuf
  4172 | D:6      | Noticed Menkaure
  4176 | D:6      | Killed Menkaure
  4177 | D:6      | Reached skill level 7 in Axes
  4264 | D:6      | Noticed a shadow
  4272 | D:6      | Killed a shadow
  4273 | D:6      | Reached XP level 8. HP: 45/49 MP: 6/8
  4386 | D:6      | Identified the ring of Atzef {Fire rElec rCorr Stlth-}
  4426 | D:6      | Found a blossoming altar of Fedhas.
  4470 | D:6      | Reached skill level 1 in Dodging
  4479 | D:6      | Reached skill level 1 in Throwing
  4508 | D:6      | 4508 ||| FLEEEEING.
  4509 | D:6      | 4509 ||| FLEEEEING.
  4646 | D:6      | Found a staircase to the Ecumenical Temple.
  4647 | D:6      | 4647 ||| PLANNING TEMPLE
  4647 | D:6      | 4647 ||| UPGRADING to +0 pair of gloves.
  4657 | D:6      | 4657 ||| UPGRADING to +0 cloak.
  4662 | D:6      | 4662 ||| UPGRADING to ring of Atzef {Fire rElec rCorr
                  | Stlth-}.
  4663 | D:6      | 4663 ||| READING 3 scrolls of identify.
  4663 | D:6      | 4663 ||| IDENTIFYING bubbling grey potion
  4664 | D:6      | 4664 ||| READING 2 scrolls of identify.
  4664 | D:6      | 4664 ||| IDENTIFYING glowing grey potion
  4665 | D:6      | 4665 ||| DROPPING potion of brilliance.
  4672 | Temple   | Entered the Ecumenical Temple
  4700 | Temple   | 4700 ||| PLANNING OKAWARU WORSHIP
  4746 | Temple   | Became a worshipper of Warmaster Okawaru
  4746 | Temple   | 4746 ||| PLANNING D:1-11
  4747 | Temple   | 4747 ||| REMOVING amulet of guardian spirit.
  4752 | Temple   | 4752 ||| UPGRADING to amulet of the acrobat.
  4951 | D:6      | 4951 ||| Stepping ~*~*~tactically~*~*~ (stealth).
  4958 | D:6      | 4958 ||| Stepping ~*~*~tactically~*~*~ (stealth).
  5008 | D:6      | Found a hazy altar of Hepliaklqana.
  5163 | D:6      | 5163 ||| READING scroll labelled LAMEUM ALOCVY.
  5328 | D:7      | 5328 ||| Stepping ~*~*~tactically~*~*~ (hiding).
  5376 | D:7      | 5376 ||| Stepping ~*~*~tactically~*~*~ (stealth).
  5382 | D:7      | 5382 ||| Stepping ~*~*~tactically~*~*~ (stealth).
  5383 | D:7      | Noticed Prince Ribbit
  5386 | D:7      | 5386 ||| Stepping ~*~*~tactically~*~*~ (stealth).
  5397 | D:7      | Killed Prince Ribbit
  5398 | D:7      | Reached skill level 8 in Axes
  5491 | D:7      | Reached * piety under Okawaru
  5501 | D:7      | Reached skill level 6 in Fighting
  5501 | D:7      | Reached skill level 1 in Invocations
  5535 | D:7      | 5535 ||| Stepping ~*~*~tactically~*~*~ (hiding).
  5688 | D:7      | Reached XP level 9. HP: 54/55 MP: 10/10
  5691 | D:7      | 5691 ||| INVOKING Heroism.
  5777 | D:7      | Reached skill level 3 in Invocations
  5921 | D:7      | 5921 ||| INVOKING Heroism.
  6026 | D:7      | 6026 ||| DROPPING +0 flail.
  6048 | D:7      | Found a sacrificial altar of Ru.
  6152 | D:7      | 6152 ||| READING scroll labelled NOIFUT DITOHO.
  6153 | D:7      | 6153 ||| READING scroll labelled SIMPULAOTE.
  6154 | D:7      | 6154 ||| READING scroll labelled FENERA MIRE.
  6155 | D:7      | 6155 ||| READING 3 scrolls of identify.
  6155 | D:7      | 6155 ||| IDENTIFYING inky potion
  6156 | D:7      | 6156 ||| READING 2 scrolls of identify.
  6156 | D:7      | 6156 ||| IDENTIFYING sedimented sapphire potion
  6157 | D:7      | 6157 ||| DROPPING potion of degeneration.
  6158 | D:7      | 6158 ||| DROPPING potion of ambrosia.
  6276 | D:8      | 6276 ||| Stepping ~*~*~tactically~*~*~ (stealth).
  6281 | D:8      | Reached skill level 9 in Axes
  6287 | D:8      | 6287 ||| INVOKING Heroism.
  6299 | D:8      | HP: 1/55 [orc priest/divine providence (13)]
  6300 | D:8      | 6300 ||| READING 3 scrolls of teleportation.
  6301 | D:8      | 6301 ||| DRINKING 2 potions of heal wounds.
  6304 | D:8      | 6304 ||| INVOKING Heroism.
  6333 | D:8      | 6333 ||| INVOKING Heroism.
  6334 | D:8      | Noticed a centaur warrior
  6346 | D:8      | Reached skill level 6 in Armour
  6348 | D:8      | Killed a centaur warrior
  6478 | D:7      | Noticed a rust devil
  6478 | D:7      | Noticed a rust devil
  6479 | D:7      | 6479 ||| INVOKING Heroism.
  6484 | D:7      | 6484 ||| DRINKING potion of cancellation.
  6487 | D:7      | Reached XP level 10. HP: 43/64 MP: 11/13
  6488 | D:7      | Killed a rust devil
  6501 | D:7      | 6501 ||| INVOKING Heroism.
  6508 | D:7      | 6508 ||| READING 2 scrolls of teleportation.
  6647 | D:8      | Noticed Psyche
  6648 | D:8      | 6648 ||| Stepping ~*~*~tactically~*~*~ (stealth).
  6651 | D:8      | 6651 ||| Stepping ~*~*~tactically~*~*~ (hiding).
  6655 | D:8      | 6655 ||| INVOKING Heroism.
  6660 | D:8      | Killed Psyche
  6661 | D:8      | Reached skill level 10 in Axes
  6774 | D:8      | Found a staircase to the Lair.
  6892 | D:8      | 6892 ||| PLANNING LAIR
  6905 | Lair:1   | Entered Level 1 of the Lair of Beasts
  6931 | Lair:1   | Noticed a cane toad
  6932 | Lair:1   | 6932 ||| INVOKING Heroism.
  6937 | Lair:1   | Killed a cane toad
  6965 | Lair:1   | Noticed a cane toad
  6966 | Lair:1   | 6966 ||| INVOKING Heroism.
  6977 | Lair:1   | Killed a cane toad
  6977 | Lair:1   | Reached ** piety under Okawaru
  6983 | Lair:1   | 6983 ||| INVOKING Heroism.
  7249 | Lair:1   | 7249 ||| INVOKING Heroism.
  7352 | Lair:1   | Reached skill level 11 in Axes
  7399 | Lair:1   | Noticed a cane toad
  7400 | Lair:1   | 7400 ||| INVOKING Heroism.
  7408 | Lair:1   | Killed a cane toad
  7409 | Lair:1   | Reached skill level 9 in Fighting
  7409 | Lair:1   | Reached XP level 11. HP: 71/71 MP: 12/14
  7464 | Lair:1   | 7464 ||| INVOKING Heroism.
  7706 | Lair:1   | Reached *** piety under Okawaru
  7905 | Lair:1   | 7905 ||| UPGRADING to scarf of resistance.
  7915 | Lair:1   | 7915 ||| REMOVING ring of Atzef {Fire rElec rCorr Stlth-}.
  7916 | Lair:1   | 7916 ||| READING scroll labelled PAIKHL NEDWAIRCH.
  7930 | Lair:2   | 7930 ||| INVOKING Heroism.
  7957 | Lair:2   | 7957 ||| STAIRDANCE
  7991 | Lair:2   | 7991 ||| STAIRDANCE
  8122 | Lair:2   | Noticed a skyshark
  8134 | Lair:2   | Killed a skyshark
  8201 | Lair:2   | 8201 ||| Stepping ~*~*~tactically~*~*~ (hiding).
  8209 | Lair:2   | Reached skill level 12 in Axes
  8309 | Lair:2   | Found a staircase to the Snake Pit.
  8318 | Lair:2   | 8318 ||| INVOKING Heroism.
  8455 | Lair:2   | 8455 ||| INVOKING Heroism.
  8455 | Lair:2   | Noticed a skyshark
  8463 | Lair:2   | Reached skill level 6 in Shields
  8471 | Lair:2   | Killed a skyshark
  8578 | Lair:2   | 8578 ||| INVOKING Heroism.
  8593 | Lair:2   | 8593 ||| INVOKING Heroism.
  8784 | Lair:2   | Found a staircase to the Swamp.
  8784 | Lair:2   | Noticed a bog body
  8793 | Lair:2   | Killed a bog body
  8859 | Lair:2   | 8859 ||| INVOKING Heroism.
  8883 | Lair:2   | 8883 ||| INVOKING Heroism.
  8944 | Lair:2   | 8944 ||| INVOKING Heroism.
  9095 | Lair:2   | 9095 ||| Stepping ~*~*~tactically~*~*~ (hiding).
  9097 | Lair:2   | 9097 ||| Stepping ~*~*~tactically~*~*~ (hiding).
  9098 | Lair:2   | 9098 ||| Stepping ~*~*~tactically~*~*~ (hiding).
  9117 | Lair:2   | 9117 ||| FLEEEEING.
  9196 | Lair:2   | 9196 ||| Stepping ~*~*~tactically~*~*~ (stealth).
  9200 | Lair:2   | 9200 ||| INVOKING Heroism.
  9341 | Lair:2   | 9341 ||| INVOKING Heroism.
  9398 | Lair:2   | 9398 ||| INVOKING Heroism.
  9409 | Lair:2   | HP: 17/72 [komodo dragon (22)]
  9410 | Lair:2   | 9410 ||| READING 3 scrolls of teleportation.
  9411 | Lair:2   | 9411 ||| DRINKING potion of heal wounds.
  9687 | Lair:2   | 9687 ||| INVOKING Heroism.
  9697 | Lair:2   | Reached XP level 12. HP: 65/77 MP: 13/15
  9773 | Lair:2   | Reached skill level 13 in Axes
  9798 | Lair:2   | 9798 ||| Stepping ~*~*~tactically~*~*~ (stealth).
  9833 | Lair:2   | Noticed Erica
  9834 | Lair:2   | 9834 ||| INVOKING Heroism.
  9840 | Lair:2   | Killed Erica
 10229 | Lair:2   | 10229 ||| UPGRADING to +4 ring of slaying {mikee}.
 10230 | Lair:2   | 10230 ||| READING scroll labelled LICLIA HIMON.
 10373 | Lair:3   | 10373 ||| Stepping ~*~*~tactically~*~*~ (stealth).
 10375 | Lair:3   | 10375 ||| Stepping ~*~*~tactically~*~*~ (stealth).
 10382 | Lair:3   | 10382 ||| INVOKING Heroism.
 10401 | Lair:3   | 10401 ||| INVOKING Heroism.
 10633 | Lair:3   | Reached skill level 9 in Armour
 10681 | Lair:3   | Noticed a catoblepas
 10682 | Lair:3   | 10682 ||| INVOKING Heroism.
 10686 | Lair:3   | Killed a catoblepas
 11301 | Lair:3   | 11301 ||| READING scroll of enchant armour.
 11301 | Lair:3   | 11301 ||| ENCHANTING +0 pair of gloves.
 11305 | Lair:3   | 11305 ||| READING scroll of enchant armour.
 11305 | Lair:3   | 11305 ||| ENCHANTING +1 pair of gloves.
 11527 | Lair:4   | Noticed Josephine
 11528 | Lair:4   | 11528 ||| Stepping ~*~*~tactically~*~*~ (hiding).
 11530 | Lair:4   | 11530 ||| Stepping ~*~*~tactically~*~*~ (hiding).
 11545 | Lair:4   | Reached **** piety under Okawaru
 11556 | Lair:4   | Killed Josephine
 11634 | Lair:4   | Noticed Snorg
 11635 | Lair:4   | 11635 ||| INVOKING Heroism.
 11652 | Lair:4   | Killed Snorg
 11890 | Lair:4   | Found a staircase to the Slime Pits.
 11936 | Lair:4   | Reached skill level 14 in Axes
 12160 | Lair:4   | 12160 ||| INVOKING Heroism.
 12197 | Lair:4   | 12197 ||| INVOKING Heroism.
 12208 | Lair:4   | Reached skill level 6 in Invocations
 12406 | Lair:4   | Noticed a quicksilver ooze
 12407 | Lair:4   | 12407 ||| INVOKING Heroism.
 12412 | Lair:4   | Killed a quicksilver ooze
 12633 | Lair:4   | 12633 ||| DROPPING scarf of resistance.
 12646 | Lair:5   | Entered Level 5 of the Lair of Beasts
 12669 | Lair:5   | Noticed a five-headed hydra
 12670 | Lair:5   | 12670 ||| INVOKING Heroism.
 12675 | Lair:5   | 12675 ||| SWAPPING to +1 flail of venom.
 12683 | Lair:5   | Killed a five-headed hydra
 12684 | Lair:5   | Reached XP level 13. HP: 54/83 MP: 16/18
 12684 | Lair:5   | 12684 ||| SWAPPING to +1 war axe of electrocution.
 12839 | Lair:5   | 12839 ||| INVOKING Heroism.
 12855 | Lair:5   | 12855 ||| INVOKING Heroism.
 12969 | Lair:5   | 12969 ||| INVOKING Heroism.
 13027 | Lair:5   | 13027 ||| READING scroll of enchant armour.
 13027 | Lair:5   | 13027 ||| ENCHANTING +1 plate armour.
 13052 | Lair:5   | 13052 ||| Stepping ~*~*~tactically~*~*~ (stealth).
 13054 | Lair:5   | 13054 ||| INVOKING Heroism.
 13155 | Lair:5   | 13155 ||| INVOKING Heroism.
 13262 | Lair:5   | 13262 ||| Stepping ~*~*~tactically~*~*~ (stealth).
 13263 | Lair:5   | 13263 ||| Stepping ~*~*~tactically~*~*~ (stealth).
 13271 | Lair:5   | 13271 ||| INVOKING Heroism.
 13336 | Lair:5   | 13336 ||| Stepping ~*~*~tactically~*~*~ (stealth).
 13337 | Lair:5   | 13337 ||| Stepping ~*~*~tactically~*~*~ (stealth).
 13407 | Lair:5   | 13407 ||| INVOKING Heroism.
 13474 | Lair:5   | 13474 ||| INVOKING Heroism.
 13513 | Lair:5   | 13513 ||| Stepping ~*~*~tactically~*~*~ (stealth).
 13550 | Lair:5   | 13550 ||| Stepping ~*~*~tactically~*~*~ (stealth).
 13552 | Lair:5   | 13552 ||| Stepping ~*~*~tactically~*~*~ (stealth).
 13564 | Lair:5   | Reached skill level 9 in Invocations
 13589 | Lair:5   | 13589 ||| INVOKING Heroism.
 13674 | Lair:5   | 13674 ||| INVOKING Heroism.
 13675 | Lair:5   | 13675 ||| SWAPPING to +1 flail of venom.
 13683 | Lair:5   | 13683 ||| SWAPPING to +1 war axe of electrocution.
 13736 | Lair:5   | 13736 ||| Stepping ~*~*~tactically~*~*~ (hiding).
 13737 | Lair:5   | 13737 ||| Stepping ~*~*~tactically~*~*~ (hiding).
 13794 | Lair:5   | 13794 ||| Stepping ~*~*~tactically~*~*~ (stealth).
 13796 | Lair:5   | 13796 ||| Stepping ~*~*~tactically~*~*~ (hiding).
 13801 | Lair:5   | 13801 ||| INVOKING Heroism.
 13814 | Lair:5   | 13814 ||| SWAPPING to +1 flail of venom.
 13822 | Lair:5   | 13822 ||| SWAPPING to +1 war axe of electrocution.
 13823 | Lair:5   | 13823 ||| SWAPPING to +1 flail of venom.
 13830 | Lair:5   | 13830 ||| SWAPPING to +1 war axe of electrocution.
 13836 | Lair:5   | HP: 17/84 [black mamba (8)]
 13837 | Lair:5   | 13837 ||| READING 3 scrolls of teleportation.
 14100 | Lair:5   | 14100 ||| INVOKING Heroism.
 14122 | Lair:5   | 14122 ||| Stepping ~*~*~tactically~*~*~ (water).
 14178 | Lair:5   | 14178 ||| INVOKING Heroism.
 14182 | Lair:5   | 14182 ||| Stepping ~*~*~tactically~*~*~ (water).
 14193 | Lair:5   | 14193 ||| Stepping ~*~*~tactically~*~*~ (water).
 14351 | Lair:5   | 14351 ||| INVOKING Heroism.
 14380 | Lair:5   | 14380 ||| INVOKING Heroism.
 14387 | Lair:5   | HP: 21/84 [molten gargoyle/+0 mace (5)]
 14388 | Lair:5   | 14388 ||| READING 2 scrolls of teleportation.
 14390 | Lair:5   | Reached skill level 15 in Axes
 14390 | Lair:5   | 14390 ||| FLEEEEING.
 14391 | Lair:5   | 14391 ||| FLEEEEING.
 14666 | Lair:5   | 14666 ||| INVOKING Heroism.
 14902 | Lair:5   | Found a large runed translucent door.
 14903 | Lair:5   | Found a large runed translucent door.
 14906 | Lair:5   | 14906 ||| Stepping ~*~*~tactically~*~*~ (stealth).
 14907 | Lair:5   | 14907 ||| INVOKING Heroism.
 14910 | Lair:5   | 14910 ||| SWAPPING to +1 flail of venom.
 14918 | Lair:5   | 14918 ||| SWAPPING to +1 war axe of electrocution.
 15148 | Lair:5   | 15148 ||| Stepping ~*~*~tactically~*~*~ (hiding).
 15152 | Lair:5   | 15152 ||| INVOKING Heroism.
 15158 | Lair:5   | Gained mutation: Your large and strong wings let you fly.
                  | [Gargoyle growth]
 15158 | Lair:5   | Reached XP level 14. HP: 80/90 MP: 18/21
 15348 | Lair:5   | 15348 ||| PLANNING D:1-11
 15348 | Lair:5   | 15348 ||| READING scroll labelled YGOBIOH OFUP.
 15349 | Lair:5   | 15349 ||| READING 7 scrolls of identify.
 15349 | Lair:5   | 15349 ||| IDENTIFYING clear potion
 15350 | Lair:5   | 15350 ||| DROPPING potion of enlightenment.
 15496 | D:9      | 15496 ||| INVOKING Heroism.
 15501 | D:9      | HP: 16/90 [two-headed ogre/+0 dire flail (17)]
 15502 | D:9      | 15502 ||| READING scroll of teleportation.
 15529 | D:9      | 15529 ||| Stepping ~*~*~tactically~*~*~ (hiding).
 15750 | D:9      | Reached skill level 12 in Fighting
 15807 | D:9      | 15807 ||| Stepping ~*~*~tactically~*~*~ (hiding).
 15808 | D:9      | 15808 ||| Stepping ~*~*~tactically~*~*~ (hiding).
 15809 | D:9      | 15809 ||| Stepping ~*~*~tactically~*~*~ (hiding).
 15810 | D:9      | 15810 ||| Stepping ~*~*~tactically~*~*~ (hiding).
 16159 | D:9      | Found Myoxius's Distillery.
 16168 | D:9      | 16168 ||| BUYING 2 potions of curing (72 gold).
 16168 | D:9      | Bought 2 potions of curing for 72 gold pieces
 16168 | D:9      | 16168 ||| BUYING potion of attraction (36 gold).
 16168 | D:9      | Bought a potion of attraction for 36 gold pieces
 16168 | D:9      | 16168 ||| BUYING potion of curing (36 gold).
 16168 | D:9      | Bought a potion of curing for 36 gold pieces
 16168 | D:9      | 16168 ||| BUYING potion of curing (36 gold).
 16168 | D:9      | Bought a potion of curing for 36 gold pieces
 16168 | D:9      | 16168 ||| BUYING potion of curing (36 gold).
 16168 | D:9      | Bought a potion of curing for 36 gold pieces
 16168 | D:9      | 16168 ||| BUYING potion of might (48 gold).
 16168 | D:9      | Bought a potion of might for 48 gold pieces
 16238 | D:9      | Found Basen's Magic Scroll Boutique.
 16247 | D:9      | 16247 ||| BUYING scroll of enchant armour (90 gold).
 16247 | D:9      | Bought a scroll of enchant armour for 90 gold pieces
 16247 | D:9      | 16247 ||| BUYING scroll of enchant armour (90 gold).
 16247 | D:9      | Bought a scroll of enchant armour for 90 gold pieces
 16247 | D:9      | 16247 ||| READING 2 scrolls of enchant armour.
 16247 | D:9      | 16247 ||| ENCHANTING +2 plate armour.
 16248 | D:9      | 16248 ||| READING scroll of enchant armour.
 16248 | D:9      | 16248 ||| ENCHANTING +3 plate armour.
 16355 | D:9      | Found Ymiekhlu's Assorted Antiques.
 16363 | D:9      | 16363 ||| BUYING 2 potions of heal wounds (290 gold).
 16363 | D:9      | Bought 2 potions of heal wounds for 290 gold pieces
 16363 | D:9      | 16363 ||| BUYING potion of attraction (87 gold).
 16363 | D:9      | Bought a potion of attraction for 87 gold pieces
 16363 | D:9      | 16363 ||| SHOPLISTING potion of lignification (87 gold,
                  | have 37).
 16363 | D:9      | 16363 ||| BUYING purple potion (26 gold).
 16363 | D:9      | Bought a purple potion for 26 gold pieces
 16363 | D:9      | 16363 ||| SHOPLISTING scroll of identify (58 gold, have
                  | 11).
 16369 | D:9      | You are sucked into a shaft and drop 1 floor!
 16369 | D:10     | Entered Level 10 of the Dungeon
 16373 | D:10     | 16373 ||| READING 6 scrolls of identify.
 16373 | D:10     | 16373 ||| IDENTIFYING bubbling blue potion
 16374 | D:10     | 16374 ||| READING 5 scrolls of identify.
 16374 | D:10     | 16374 ||| IDENTIFYING purple potion
 16375 | D:10     | 16375 ||| DROPPING potion of invisibility.
 16456 | D:9      | Found Binaun's Jewellery Emporium.
 16465 | D:9      | 16465 ||| SHOPLISTING amulet "Uhyrgh" {Reflect rN+ Int+7
                  | Slay-3 SH+5} (606 gold, have 11).
 16614 | D:9      | Found Cucs's Weapon Shoppe.
 16622 | D:9      | 16622 ||| SHOPLISTING +0 morningstar (44 gold, have 11).
 16685 | D:9      | 16685 ||| Stepping ~*~*~tactically~*~*~ (hiding).
 16763 | D:9      | 16763 ||| READING scroll labelled QABRECVIXE.
 16850 | D:10     | 16850 ||| INVOKING Heroism.
 16860 | D:10     | Noticed Amaemon
 16880 | D:10     | Killed Amaemon
 16880 | D:10     | Reached ***** piety under Okawaru
 17067 | D:10     | 17067 ||| DROPPING +1 flail of venom.
 17096 | D:10     | 17096 ||| Stepping ~*~*~tactically~*~*~ (stealth).
 17097 | D:10     | 17097 ||| Stepping ~*~*~tactically~*~*~ (stealth).
 17106 | D:10     | 17106 ||| Stepping ~*~*~tactically~*~*~ (stealth).
 17107 | D:10     | Noticed Lodul
 17108 | D:10     | 17108 ||| Stepping ~*~*~tactically~*~*~ (stealth).
 17111 | D:10     | 17111 ||| Stepping ~*~*~tactically~*~*~ (hiding).
 17112 | D:10     | 17112 ||| Stepping ~*~*~tactically~*~*~ (stealth).
 17113 | D:10     | 17113 ||| Stepping ~*~*~tactically~*~*~ (hiding).
 17120 | D:10     | 17120 ||| FLEEEEING.
 17121 | D:10     | 17121 ||| Stepping ~*~*~tactically~*~*~ (hiding).
 17126 | D:10     | 17126 ||| INVOKING Heroism.
 17139 | D:10     | HP: 23/92 [Lodul/bolt of lightning (8)]
 17140 | D:10     | 17140 ||| READING scroll of teleportation.
 17141 | D:10     | 17141 ||| DRINKING 3 potions of heal wounds.
 17389 | D:10     | Killed Lodul
 17457 | D:10     | 17457 ||| Stepping ~*~*~tactically~*~*~ (hiding).
 17469 | D:10     | Reached skill level 16 in Axes
 17540 | D:10     | 17540 ||| INVOKING Heroism.
 17541 | D:10     | 17541 ||| INVOKING Finesse.
 17743 | D:10     | Found a portal to a secret trove of treasure.
 17955 | D:11     | 17955 ||| Stepping ~*~*~tactically~*~*~ (hiding).
 17967 | D:11     | 17967 ||| Stepping ~*~*~tactically~*~*~ (hiding).
 18003 | D:11     | 18003 ||| INVOKING Heroism.
 18010 | D:11     | 18010 ||| INVOKING Finesse.
 18171 | D:11     | Found a staircase to the Orcish Mines.
 18223 | D:11     | Reached skill level 3 in Throwing
 18887 | D:11     | 18887 ||| PLANNING D
 18887 | D:11     | 18887 ||| DROPPING +6 ring of intelligence.
 19056 | D:12     | Found Quhont's Assorted Antiques.
 19062 | D:12     | 19062 ||| BUYING broad axe (116 gold).
 19062 | D:12     | Bought a broad axe for 116 gold pieces
 19062 | D:12     | 19062 ||| BUYING potion of attraction (87 gold).
 19062 | D:12     | Bought a potion of attraction for 87 gold pieces
 19062 | D:12     | 19062 ||| BUYING scroll of identify (58 gold).
 19062 | D:12     | Bought a scroll of identify for 58 gold pieces
 19062 | D:12     | 19062 ||| SWAPPING to +0 broad axe.
 19063 | D:12     | 19063 ||| DROPPING +1 war axe of electrocution.
 19328 | D:12     | Identified the +1 ring mail of Zeytyfown {rC+ Slay+3}
                  | (Okawaru gifted it to you on level 12 of the Dungeon)
 19328 | D:12     | Received a gift from Okawaru
 19387 | D:12     | Found a transporter.
 19816 | D:12     | 19816 ||| DROPPING amulet of magic regeneration.
 20246 | D:13     | 20246 ||| Stepping ~*~*~tactically~*~*~ (stealth).
 20703 | D:13     | 20703 ||| Stepping ~*~*~tactically~*~*~ (hiding).
 20713 | D:13     | 20713 ||| INVOKING Heroism.
 20718 | D:13     | 20718 ||| Stepping ~*~*~tactically~*~*~ (hiding).
 20736 | D:13     | 20736 ||| FLEEEEING.
 20746 | D:13     | 20746 ||| FLEEEEING.
 21090 | D:14     | 21090 ||| READING scroll of enchant armour.
 21090 | D:14     | 21090 ||| ENCHANTING +4 plate armour.
 21257 | D:14     | 21257 ||| INVOKING Heroism.
 21340 | D:14     | 21340 ||| FLEEEEING.
 21341 | D:14     | 21341 ||| FLEEEEING.
 21342 | D:14     | 21342 ||| FLEEEEING.
 21343 | D:14     | 21343 ||| FLEEEEING.
 21344 | D:14     | 21344 ||| FLEEEEING.
 21345 | D:14     | 21345 ||| FLEEEEING.
 21346 | D:14     | 21346 ||| FLEEEEING.
 21347 | D:14     | 21347 ||| INVOKING Heroism.
 21356 | D:14     | Reached XP level 15. HP: 86/96 MP: 20/22
 21368 | D:14     | 21368 ||| SWAPPING to +1 demon whip of venom.
 21376 | D:14     | 21376 ||| SWAPPING to +0 broad axe.
 21527 | D:14     | 21527 ||| INVOKING Heroism.
 21536 | D:14     | HP: 18/96 [meliai/divine providence (12)]
 21536 | D:14     | HP: 4/96 [meliai/divine providence (14)]
 21537 | D:14     | 21537 ||| READING 2 scrolls of teleportation.
 21538 | D:14     | 21538 ||| DRINKING 2 potions of heal wounds.
 21539 | D:14     | 21539 ||| DRINKING potion of heal wounds.
 21676 | D:14     | 21676 ||| FLEEEEING.
 21677 | D:14     | 21677 ||| FLEEEEING.
 21767 | D:14     | Reached skill level 3 in Dodging
 21769 | D:14     | 21769 ||| READING scroll of enchant weapon.
 21769 | D:14     | 21769 ||| ENCHANTING +0 broad axe.
 21787 | D:14     | 21787 ||| Stepping ~*~*~tactically~*~*~ (hiding).
 21910 | D:14     | 21910 ||| INVOKING Heroism.
 21928 | D:14     | 21928 ||| FLEEEEING.
 21929 | D:14     | 21929 ||| FLEEEEING.
 21930 | D:14     | 21930 ||| FLEEEEING.
 21931 | D:14     | 21931 ||| FLEEEEING.
 21932 | D:14     | 21932 ||| FLEEEEING.
 21933 | D:14     | 21933 ||| FLEEEEING.
 21934 | D:14     | 21934 ||| FLEEEEING.
 21936 | D:14     | 21936 ||| STAIRDANCE
 22072 | D:13     | 22072 ||| DROPPING amulet of guardian spirit.
 22073 | D:13     | 22073 ||| UPGRADING to amulet of reflection.
 22083 | D:13     | 22083 ||| DROPPING amulet of the acrobat.
 22131 | D:14     | Reached skill level 17 in Axes
 22225 | Abyss:3  | Cast into level 3 of the Abyss (a wizard)
 22228 | Abyss:3  | Found a corrupted altar of Lugonu.
 22282 | Abyss:3  | 22282 ||| Stepping ~*~*~tactically~*~*~ (stealth).
 22284 | Abyss:3  | 22284 ||| Stepping ~*~*~tactically~*~*~ (stealth).
 22315 | Abyss:3  | 22315 ||| Stepping ~*~*~tactically~*~*~ (stealth).
 22334 | Abyss:3  | 22334 ||| Stepping ~*~*~tactically~*~*~ (stealth).
 22342 | Abyss:3  | 22342 ||| Stepping ~*~*~tactically~*~*~ (stealth).
 22347 | Abyss:3  | Found a corrupted altar of Lugonu.
 22349 | Abyss:3  | 22349 ||| Stepping ~*~*~tactically~*~*~ (stealth).
 22351 | Abyss:3  | 22351 ||| Stepping ~*~*~tactically~*~*~ (stealth).
 22352 | Abyss:3  | 22352 ||| Stepping ~*~*~tactically~*~*~ (stealth).
 22357 | Abyss:3  | 22357 ||| Stepping ~*~*~tactically~*~*~ (stealth).
 22368 | Abyss:3  | 22368 ||| INVOKING Heroism.
 22373 | Abyss:3  | Noticed a deep elf sorcerer
 22387 | Abyss:3  | Killed a deep elf sorcerer
 22411 | Abyss:3  | 22411 ||| Stepping ~*~*~tactically~*~*~ (stealth).
 22422 | Abyss:3  | 22422 ||| Stepping ~*~*~tactically~*~*~ (stealth).
 22426 | Abyss:3  | 22426 ||| Stepping ~*~*~tactically~*~*~ (stealth).
 22449 | Abyss:3  | 22449 ||| Stepping ~*~*~tactically~*~*~ (stealth).
 22461 | Abyss:3  | 22461 ||| Stepping ~*~*~tactically~*~*~ (stealth).
 22465 | Abyss:3  | 22465 ||| INVOKING Heroism.
 22478 | Abyss:3  | 22478 ||| Stepping ~*~*~tactically~*~*~ (stealth).
 22481 | Abyss:3  | 22481 ||| Stepping ~*~*~tactically~*~*~ (stealth).
 22488 | Abyss:3  | 22488 ||| Stepping ~*~*~tactically~*~*~ (stealth).
 22489 | Abyss:3  | 22489 ||| Stepping ~*~*~tactically~*~*~ (stealth).
 22499 | Abyss:3  | 22499 ||| Stepping ~*~*~tactically~*~*~ (stealth).
 22505 | Abyss:3  | 22505 ||| INVOKING Heroism.
 22523 | Abyss:3  | 22523 ||| Stepping ~*~*~tactically~*~*~ (stealth).
 22543 | Abyss:3  | HP: 22/98 [sixfirhy (3)]
 22544 | Abyss:3  | 22544 ||| READING scroll of teleportation.
 22785 | Abyss:3  | 22785 ||| INVOKING Heroism.
 22793 | Abyss:3  | HP: 14/98 [purple ugly thing collision (12)]
 22796 | Abyss:3  | Killed from afar by a wretched star

Levels and vault maps discovered:
D:1:      onia_arrival_pentagram, layout_rooms
D:2:      layout_loops_ring, basic_altar, shapermc_ecumenical_altar_venn
D:3:      layout_rooms, cheibrodos_gnoll_hut, uniq_ijyb
D:4:      layout_basic, amethyst_overflow_temple_binary, serial_aquarium,
          aquarium_bridge_square [aquarium_subvault_wall,
          aquarium_subvault_bridge, aquarium_subvault_bridge,
          aquarium_subvault_bridge], aquarium_window_2,
          aquarium_window_corridor_1, aquarium_view_2e, aquarium_view_2c,
          minmay_cupped
D:5:      layout_basic, cheibrodos_ashenzari_chains, mainiacjoe_overflow_paths,
          serial_shops, nicolae_shop_stone, st_stairs_1
D:6:      layout_loops_ring, marbit_many_paths, lemuel_doored_altar,
          grunt_temple_overflow_open, minmay_temple_entry_tees, nicolae_titane,
          uniq_crazy_yiuf_cottage, uniq_menkaure
D:7:      cheibrodos_iron_armory, layout_gridville, nicolae_ru_path_of_blood,
          uniq_prince_ribbit1
D:8:      layout_cave_pools, dpeg_oklobed_lair, uniq_psyche
D:9:      minmay_s_stair_smasher, layout_long_grid, serial_shops, shop, shop,
          shop, shop, shop, dk_noncrumbling_4
D:10:     nzn_motion_control, layout_cave_pools, nicolae_trove_entry_columns,
          uniq_lodul, uniq_amaemon
D:11:     layout_long_grid, erik_orc_4
D:12:     layout_roguey, serial_shops, shop, nicolae_diode_basic
D:13:     layout_loops_corners, special_room [special_room_orc],
          hangedman_abyss_or_decor_clamps
D:14:     layout_basic, grunt_vaults_entry_tiered, nicolae_wwwww
Temple:   ebering_untended_altars
Lair:1:   layout_regular_city, infiniplex_staircase_pool, lemuel_fruit_tree
Lair:2:   layout_layer_cave, skrybe_swamp_entry_bodies,
          nicolae_snake_entry_squirm, portal_ice_cave_rime, st_stairs_7,
          uniq_erica
Lair:3:   layout_layer_cave
Lair:4:   layout_gridlike, slime_entry_1, nicolae_lair_time_for_slime,
          uniq_snorg, uniq_josephine
Lair:5:   cheibrodos_lair_end_hotspot, layout_regular_city,
          infiniplex_staircase_pool_2
Abyss:3:  base: D:13, hangedman_abyss_stitches_cave, evilmike_abyss_rune_ettins

Skill      XL: |  1  2  3  4  5  6  7  8  9 10 11 12 13 14 15 |
---------------+----------------------------------------------+-----
Axes           | 2 3 4 5 6 7 8 9 11 12 14 15 16 17 | 17.3
Fighting       | 4 5 6 8 9 10 11 12 13 | 13.0
Armour         | 5 6 7 8 9 10 11 | 11.0
Dodging        | 1 2 3 |  3.0
Throwing       | 1 2 4 |  4.0
Invocations    | 1 4 7 10 | 10.0
Shields        | 4 5 6 7 8 |  8.2

Action                     |  1- 3 |  4- 6 |  7- 9 | 10-12 | 13-15 || total
---------------------------+-------+-------+-------+-------+-------++-------
  Melee: War axe           |    89 |   154 |   216 |   472 |   552 ||  1483
         Flail             |       |       |       |     8 |    27 ||    35
         Broad axe         |       |       |       |       |   391 ||   391
         Demon whip        |       |       |       |       |     7 ||     7
  Throw: Boomerang         |       |       |       |       |     5 ||     5
 Invoke: Heroism           |       |       |     6 |    29 |    32 ||    67
         Finesse           |       |       |       |       |     2 ||     2
    Use: Scroll            |     2 |     9 |    12 |     6 |    16 ||    45
         Potion            |       |       |     4 |     1 |     3 ||     8
   Stab: Distracted        |       |       |       |       |     2 ||     2
 Armour: Scale mail        |    38 |    61 |       |       |       ||    99
         Chain mail        |       |    30 |       |       |       ||    30
         Plate armour      |       |    11 |   198 |   238 |   610 ||  1057
  Dodge: Dodged            |    31 |    71 |    94 |   136 |   343 ||   675
  Block: Buckler           |    11 |    28 |    49 |   103 |   240 ||   431

Table legend:
 A = Non-vault XP
 B = Vault XP
 C = Vault XP percentage of total XP
 D = Non-vault monster count
 E = Vault monster count
 F = Vault count percentage of total count
                 A         B        C        D         E       F
            +---------+---------+-------+---------+---------+-------
      Total |   76428 |   28713 |  27.3 |     402 |     145 |  26.5
            +---------+---------+-------+---------+---------+-------
        D:1 |      23 |       0 |   0.0 |      12 |       0 |   0.0
        D:2 |      74 |       0 |   0.0 |      22 |       0 |   0.0
        D:3 |      93 |     138 |  59.7 |      14 |       4 |  22.2
        D:4 |      89 |      20 |  18.3 |      10 |       5 |  33.3
        D:5 |     297 |      42 |  12.4 |      14 |       1 |   6.7
        D:6 |     671 |     201 |  23.1 |      18 |       2 |  10.0
        D:7 |    1180 |     974 |  45.2 |      29 |       4 |  12.1
        D:8 |    1585 |     371 |  19.0 |      24 |       1 |   4.0
        D:9 |    4877 |    3320 |  40.5 |      25 |      19 |  43.2
       D:10 |    3196 |    4204 |  56.8 |      27 |      12 |  30.8
       D:11 |    5232 |     537 |   9.3 |      38 |      16 |  29.6
       D:12 |    2755 |       0 |   0.0 |       8 |       0 |   0.0
       D:13 |    3003 |    1059 |  26.1 |       8 |      25 |  75.8
       D:14 |    7127 |    2702 |  27.5 |      13 |      12 |  48.0
     Lair:1 |    5187 |       0 |   0.0 |      27 |       0 |   0.0
     Lair:2 |    6287 |    3150 |  33.4 |      19 |       8 |  29.6
     Lair:3 |    3859 |       0 |   0.0 |      13 |       0 |   0.0
     Lair:4 |    3300 |    4424 |  57.3 |      16 |      13 |  44.8
     Lair:5 |   14714 |    7571 |  34.0 |      43 |      23 |  34.8
    Abyss:3 |   12879 |       0 |   0.0 |      22 |       0 |   0.0
            +---------+---------+-------+---------+---------+-------
